AoeStats
← 小小鸡

Oasis

508149437Analyzed
4v4 RM · 12d ago on Sep 21, 2026· 26m 39s· 8 players
Game mode
Random Map
Map size
Large (8 player)
Population
200
Speed
Normal
Resources
Standard
Victory
Conquest
Starting age
Dark Age
Ending age
Imperial Age
RankedLock teamsTeams togetherTeam positionsShared explorationLock speedFull tech treeHidden civsTurbo modeCheats
Victory
Defeat
🇫🇷 Ethiopians · France
1401
+11
🇵🇪 Persians · Peru
1381
+12
🇭🇰 Mongols · Hong Kong SAR China
1337
+14
🇯🇵 Britons · Japan
1317
+15
🇦🇷 Turks · Argentina
1386
-17
🇦🇷 Romans · Argentina
1347
-15
🇦🇷 Persians · Argentina
1219
-10
🇧🇴 Spanish · Bolivia
1218
-10
Keishi
5:55 Loom
8:50 Feudal Age
11:29 Town Watch
15:12 Fletching
19:23 Padded Archer Armor
25:17 Double-Bit Axe
27:23 Wheelbarrow
小小鸡
5:16 Loom
10:18 Feudal Age
14:27 Castle Age
12:48 Double-Bit Axe
14:53 Bloodlines
15:43 Horse Collar
22:00 Scale Barding Armor
23:57 Forging
25:10 Husbandry
25:49 Gold Mining
pandorange
4:41 Loom
9:26 Feudal Age
14:53 Fletching
21:17 Double-Bit Axe
23:38 Padded Archer Armor
28:41 Castle Age
VZ | El Perrosor
7:02 Loom
9:10 Feudal Age
9:45 Double-Bit Axe
9:52 Horse Collar
17:01 Forging
22:32 Castle Age
21:31 Gold Mining
21:54 Bloodlines
21:52 Scale Barding Armor
23:11 Husbandry
25:20 Bow Saw
Clancy |-/
7:13 Loom
9:10 Feudal Age
9:33 Man-at-Arms
9:59 Double-Bit Axe
17:51 Fletching
22:48 Castle Age
23:26 Bodkin Arrow
[Traidor] Staun
8:00 Loom
10:40 Feudal Age
11:17 Double-Bit Axe
17:00 Scale Barding Armor
25:00 Castle Age
23:56 Forging
24:01 Bloodlines
26:50 Iron Casting
jerius02
6:40 Loom
8:54 Feudal Age
9:34 Double-Bit Axe
14:05 Forging
13:59 Horse Collar
16:24 Bloodlines
21:26 Castle Age
21:13 Scale Barding Armor
21:15 Light Cavalry
22:35 Husbandry
24:42 Bow Saw
26:42 Wheelbarrow
[Traidor] Christoffel
6:31 Loom
9:05 Feudal Age
11:20 Double-Bit Axe
18:23 Fletching
21:21 Padded Archer Armor
25:22 Wheelbarrow
Connection lost

Rejoining the realm…

Still unreachable

The connection could not be restored.

Session expired

The server has moved on; the page needs a fresh start.